Map: Hecate LE

Players

CoffeeAme - Winner!

  • Race: Terran Terran
  • League: Master
  • Spawn Location: 1:00

Krystianer

  • Race: Protoss Protoss
  • Spawn Location: 7:00

VOD

Have the link to the VOD?

Description

Time

  • Played on: Dec. 18, 2023, 3:11 p.m.
  • Length: 22:17
Show
View Real Time Build Order
Export as new Build Order

CoffeeAme Terran - Winner!

Build Orders: Gas First Reaper Expand, Liberator Opening 

Get SALT Encoding   

  12  0:00  SCV  
  13  0:12  SCV  
  14  0:17  Supply Depot  
  14  0:24  SCV  
  14  0:27  Refinery  
  15  0:38  SCV  
  16  0:43  Barracks  
  16  0:50  SCV  
  17  1:03  SCV  
  18  1:15  SCV  
  19  1:31  Orbital Command, Reaper  
  20  1:43  Command Center  
  20  1:53  Factory  
  20  1:57  SCV  
  21  2:03  Refinery  
  21  2:06  Barracks Reactor  
  21  2:10  SCV  
  22  2:15  Supply Depot  
  22  2:22  SCV  
  23  2:37  SCV  
  23  2:39  Starport  
  23  2:42  Widow Mine  
  23  2:44  Marine x2  
  27  2:49  SCV  
  29  2:57  Orbital Command  
  29  3:01  SCV  
  29  3:02  Marine  
  29  3:03  Marine  
  32  3:07  Widow Mine  
  34  3:14  Orbital Command  
  34  3:17  SCV  
  34  3:20  Marine x2  
  34  3:23  Medivac  
  38  3:29  Supply Depot  
  38  3:33  Cyclone  
  40  3:36  SCV  
  40  3:39  Marine x2  
  43  3:42  SCV  
  44  3:53  Liberator  
  47  4:01  Marine x2  
  48  4:04  Supply Depot, SCV x2  
  48  4:13  Cyclone  
  48  4:16  SCV x2  
  52  4:17  Barracks  
  52  4:28  SCV x2  
  54  4:32  Marine x2  
  54  4:34  Supply Depot  
  54  4:36  Liberator  
  59  4:40  SCV x2  
  59  4:44  Supply Depot  
  61  4:53  Marine, Barracks  
  61  4:55  Cyclone  
  62  5:19  SCV  
  62  5:21  Marine x2  
  59  5:22  Barracks Tech Lab  
  59  5:24  Starport Tech Lab, SCV  
  59  5:27  Engineering Bay, Refinery, Bunker  
  48  5:38  SCV x2  
  48  5:41  Stimpack  
  48  5:42  Factory Reactor  
  50  5:49  Combat Shield  
  50  5:50  SCV x2  
  50  5:52  Command Center  
  50  5:53  Starport Reactor  
  50  5:56  Marauder x2  
  56  5:59  Terran Infantry Weapons Level 1  
  56  6:01  Marine x2  
  58  6:05  SCV x2  
  59  6:17  SCV x2  
  59  6:18  Marine x2, Marauder x2  
  65  6:21  Armory  
  67  6:27  Widow Mine x2  
  68  6:34  SCV x2  
  68  6:36  Marine x2  
  68  6:37  Supply Depot, Refinery  
  72  6:42  Marauder x2  
  72  6:46  SCV x2  
  78  6:55  Medivac  
  78  6:58  Marine x2  
  78  6:59  Widow Mine x2, Medivac  
  78  7:00  Barracks  
  86  7:01  Barracks  
  86  7:07  Orbital Command  
  86  7:09  SCV x2  
  86  7:12  Marauder x2  
  92  7:18  Marine  
  92  7:19  Marine  
  92  7:20  Widow Mine x2  
  95  7:32  Medivac x2  
  95  7:35  Marauder  
  101  7:42  SCV x2  
  101  7:45  Orbital Command, Ghost Academy  
  101  7:47  Marauder  
  97  7:52  Marine x2  
  97  7:53  Barracks Tech Lab, Barracks Reactor  
  97  7:54  Widow Mine x2  
  97  7:56  SCV x2  
  101  8:10  Marauder x2  
  101  8:12  SCV x2  
  107  8:16  SCV  
  107  8:19  Supply Depot  
  108  8:22  Supply Depot  
  108  8:23  Supply Depot  
  108  8:24  Supply Depot, SCV  
  108  8:25  Widow Mine x2  
  113  8:28  Marine x2  
  113  8:29  Marauder  
  117  8:39  SCV  
  117  8:40  SCV  
  117  8:42  SCV  
  117  8:44  Medivac x2  
  117  8:45  Ghost x2  
  124  8:52  Ghost  
  124  8:54  Marine x3  
  126  8:59  SCV x2  
  126  9:01  Concussive Shells  
  126  9:02  Widow Mine x2  
  132  9:06  Refinery x2  
  132  9:12  SCV x3  
  132  9:15  Supply Depot  
  134  9:17  Supply Depot  
  134  9:21  Ghost  
  134  9:22  Ghost, Command Center  
  138  9:24  SCV, Marine  
  138  9:25  Marine  
  138  9:30  Supply Depot  
  141  9:36  Marine  
  141  9:37  SCV x3, Widow Mine x2  
  149  9:39  Terran Infantry Armor Level 1  
  149  9:49  Marauder  
  149  9:50  Marauder  
  153  9:54  Viking x2  
  156  10:03  Marine, Marauder  
  153  10:13  Marine x3  
  142  10:14  Marauder  
  142  10:17  SCV x3  
  142  10:19  Widow Mine x2  
  144  10:28  Engineering Bay  
  144  10:29  SCV x3  
  147  10:39  Viking x2  
  147  10:40  Marauder x3  
  153  10:47  SCV x3  
  156  10:52  Marine x4  
  156  10:54  Terran Infantry Weapons Level 2  
  156  10:56  Terran Ship Weapons Level 1  
  149  11:11  Viking x2  
  149  11:12  Widow Mine x2  
  149  11:15  SCV x2  
  158  11:19  Planetary Fortress  
  158  11:23  Ghost x2  
  159  11:27  Ghost  
  159  11:30  SCV x3  
  164  11:38  Marine  
  164  11:39  Marine x3  
  170  11:40  Widow Mine x2  
  170  11:42  SCV x2  
  170  11:43  SCV  
  170  11:45  Bunker, Viking x2  
  177  11:53  Supply Depot  
  177  11:54  Supply Depot, Missile Turret  
  177  12:00  Ghost  
  179  12:06  Marine  
  180  12:11  Refinery  
  180  12:12  Refinery  
  180  12:15  Marine x3, Ghost x2  
  187  12:24  Marine, Viking  
  187  12:25  Viking  
  187  12:29  Barracks  
  192  12:30  SCV x2  
  192  12:31  Barracks  
  192  12:33  Barracks  
  192  12:35  Starport  
  187  12:57  SCV x2  
  189  13:02  Terran Infantry Armor Level 2  
  189  13:08  Marine x4  
  189  13:09  Marauder  
  195  13:13  Fusion Core  
  195  13:14  Supply Depot  
  195  13:16  Command Center  
  195  13:20  Sensor Tower  
  195  13:21  Supply Depot, Sensor Tower  
  195  13:27  Marauder  
  195  13:36  Marauder  
  195  13:49  Marauder x2  
  199  14:01  Terran Infantry Weapons Level 3  
  199  14:02  Barracks Tech Lab, Barracks Reactor  
  199  14:06  Command Center  
  199  14:09  Command Center  
  193  14:19  Liberator x4  
  199  14:26  Terran Ship Weapons Level 2  
  198  14:37  Missile Turret  
  198  14:45  SCV x2  
  200  14:53  Missile Turret  
  200  14:56  Missile Turret  
  198  15:04  Planetary Fortress  
  198  15:05  Advanced Ballistics  
  194  15:23  Orbital Command x2  
  192  15:31  Liberator x2  
  192  15:32  Liberator  
  199  15:41  Refinery x2, Sensor Tower  
  183  15:57  Marauder x2  
  183  15:58  Marauder  
  188  16:10  Marine x2, Marauder  
  164  16:19  Marauder x2  
  164  16:24  Marauder  
  163  16:25  Marine x2  
  163  16:26  Marine  
  163  16:28  Liberator x4  
  163  16:31  Marauder  
  172  16:41  Marauder  
  172  16:42  Marine x5  
  172  16:43  Marine  
  172  16:44  Marine  
  172  16:45  Marauder  
  168  16:48  Marine  
  168  16:53  Marauder  
  168  16:59  Marine  
  168  17:00  Marine x3, Marauder, Terran Ship Weapons Level 3  
  170  17:01  Terran Infantry Armor Level 3  
  170  17:02  Ghost  
  170  17:06  Ghost  
  172  17:13  Ghost  
  172  17:14  Liberator x4  
  172  17:15  Marine x3  
  187  17:17  Marine  
  187  17:21  Ghost  
  177  17:30  Ghost  
  177  17:34  Ghost  
  178  17:42  Marine x4, Ghost  
  178  17:43  Marine x2  
  186  17:50  Ghost  
  184  17:57  Liberator x3  
  184  17:59  Ghost  
  184  18:02  Liberator  
  189  18:12  Ghost x2  
  191  18:13  Marine x4  
  191  18:18  Ghost  
  191  18:19  Command Center  
  183  18:27  Ghost  
  164  18:40  Liberator x2, Caduceus Reactor  
  164  18:41  Marine x3, Marauder x2  
  157  18:47  Marauder  
  164  18:51  Liberator x2  
  164  18:53  Marine x2  
  170  18:57  Marauder  
  170  19:00  Marine x2  
  174  19:03  Marauder x2  
  174  19:09  Marauder  
  149  19:18  Marauder  
  149  19:22  Liberator  
  143  19:24  Marauder x2  
  143  19:27  Marine x4  
  143  19:30  Marauder  
  149  19:34  Planetary Fortress  
  149  19:39  Marauder  
  149  19:40  Medivac x2  
  149  19:41  Orbital Command  
  159  19:45  Marauder  
  159  19:46  Marauder  
  159  19:52  Marauder  
  161  20:01  Marauder  
  161  20:02  Marine  
  161  20:03  Barracks Tech Lab, Marine x3  
  171  20:07  Marauder x2  
  171  20:10  Marine x2  
  171  20:13  Marauder  
  158  20:22  Marauder  
  158  20:23  Ghost  
  158  20:27  Ghost  
  161  20:28  Marauder  
  161  20:31  Marine x2  
  161  20:32  Marine x3  
  161  20:33  Ghost  
  168  20:43  Ghost  
  168  20:49  Liberator x3  
  179  20:53  Orbital Command  
  179  20:58  SCV x5  
  175  21:08  Liberator  
  175  21:10  SCV x3, Marine  
  175  21:11  Marine x3  
  179  21:14  Missile Turret  
  179  21:15  Refinery  
  176  21:32  Liberator x2  
  178  21:46  Marauder x2  
  178  21:48  Marine x2  
  178  21:51  Marine x2  
  182  21:56  SCV x4  
Show
View Real Time Build Order
Export as new Build Order

Krystianer Protoss 

Build Orders: 1 Gate Expand, Oracle Opening 

Get SALT Encoding   

  12  0:00  Probe  
  13  0:12  Probe  
  14  0:16  Pylon  
  14  0:24  Probe (Chrono Boost)  
  16  0:35  Gateway  
  16  0:36  Probe (Chrono Boost)  
  16  0:41  Probe (Chrono Boost)  
  17  0:45  Assimilator  
  17  0:51  Probe  
  18  1:03  Probe  
  19  1:15  Probe  
  20  1:21  Nexus  
  20  1:31  Cybernetics Core  
  20  1:35  Probe  
  21  1:40  Assimilator  
  22  1:47  Probe  
  22  1:50  Pylon  
  22  1:59  Probe  
  23  2:05  Adept (Chrono Boost)  
  25  2:11  Probe  
  25  2:13  Stargate  
  26  2:21  Warp Gate  
  26  2:23  Probe (Chrono Boost)  
  26  2:27  Adept  
  29  2:34  Probe (Chrono Boost)  
  29  2:37  Probe (Chrono Boost)  
  33  2:44  Probe (Chrono Boost)  
  33  2:45  Probe (Chrono Boost)  
  33  2:50  Probe x2 (Chrono Boost)  
  34  2:56  Oracle (Chrono Boost)  
  38  3:00  Probe  
  38  3:01  Probe  
  40  3:12  Probe  
  41  3:13  Probe  
  41  3:16  Twilight Council  
  42  3:22  Gateway  
  42  3:24  Gateway, Probe  
  43  3:29  Probe  
  44  3:36  Probe, Pylon  
  45  3:41  Probe  
  46  3:52  Nexus  
  46  3:54  Probe x2  
  44  4:04  Blink (Chrono Boost)  
  44  4:06  Probe x2  
  46  4:11  Assimilator  
  46  4:15  Pylon  
  46  4:17  Stalker x2  
  46  4:18  Probe  
  46  4:19  Stalker  
  46  4:20  Probe  
  54  4:33  Probe x2  
  54  4:36  Pylon  
  56  4:41  Stalker x2  
  56  4:42  Stalker  
  62  4:51  Pylon  
  62  4:53  Forge  
  62  4:54  Probe x2  
  64  5:06  Stalker x2, Probe x2  
  66  5:07  Stalker  
  66  5:11  Shield Battery  
  66  5:12  Probe  
  64  5:19  Probe x2  
  57  5:24  Probe  
  50  5:32  Probe x2 (Chrono Boost)  
  50  5:33  Stalker x2, Protoss Ground Weapons Level 1  
  52  5:36  Stalker, Probe (Chrono Boost)  
  55  5:46  Probe (Chrono Boost)  
  55  5:48  Probe (Chrono Boost)  
  55  5:49  Probe (Chrono Boost)  
  58  5:54  Probe (Chrono Boost)  
  58  5:56  Probe (Chrono Boost)  
  61  5:58  Stalker x2, Probe (Chrono Boost)  
  61  5:59  Stalker, Probe (Chrono Boost)  
  61  6:03  Charge (Chrono Boost), Probe  
  69  6:07  Probe  
  70  6:11  Probe  
  70  6:15  Probe  
  70  6:18  Gateway  
  72  6:19  Probe  
  72  6:23  Probe  
  73  6:27  Probe  
  73  6:31  Probe  
  73  6:32  Stalker x3  
  75  6:37  Phoenix  
  79  6:43  Probe  
  79  6:46  Gateway  
  78  6:49  Gateway  
  78  6:51  Probe  
  78  6:52  Gateway  
  79  6:56  Gateway  
  79  6:59  Gateway  
  79  7:04  Probe, Photon Cannon  
  80  7:09  Pylon  
  80  7:10  Sentry  
  80  7:11  Zealot  
  84  7:15  Zealot  
  84  7:22  Robotics Facility  
  86  7:30  Stalker  
  86  7:32  Probe  
  86  7:34  Photon Cannon  
  86  7:35  Zealot  
  86  7:36  Zealot x2  
  95  7:42  Probe  
  89  7:44  Probe  
  89  7:47  Zealot x3  
  89  7:51  Probe  
  96  7:56  Zealot  
  96  7:57  Zealot, Protoss Ground Armor Level 1 (Chrono Boost)  
  100  7:59  Probe  
  100  8:03  Pylon  
  101  8:10  Robotics Bay  
  101  8:13  Pylon  
  101  8:16  Assimilator  
  101  8:18  Assimilator, Robotics Facility  
  101  8:21  Probe x3  
  105  8:28  Assimilator  
  105  8:29  Observer (Chrono Boost), Pylon  
  105  8:33  Probe x3  
  108  8:35  Zealot x3  
  108  8:40  Observer (Chrono Boost)  
  115  8:45  Probe x2  
  113  8:49  Pylon  
  113  8:50  Pylon  
  103  9:07  Colossus (Chrono Boost)  
  109  9:12  Colossus (Chrono Boost)  
  109  9:15  Probe  
  116  9:19  Pylon  
  116  9:24  Nexus, Observer  
  116  9:26  Zealot x4, Pylon  
  116  9:30  Probe x2  
  126  9:35  Pylon  
  126  9:40  Sentry x2  
  128  9:46  Extended Thermal Lance (Chrono Boost)  
  128  9:51  Colossus (Chrono Boost)  
  132  9:58  Zealot x6  
  142  10:02  Colossus (Chrono Boost)  
  144  10:12  Zealot x2  
  130  10:15  Probe  
  130  10:17  Probe  
  130  10:20  Probe  
  133  10:21  Observer  
  131  10:29  Warp Prism  
  131  10:30  Zealot x3  
  139  10:37  Probe  
  134  10:45  Zealot x2  
  134  10:46  Zealot x4, Probe x2  
  134  10:47  Protoss Ground Weapons Level 2 (Chrono Boost)  
  149  10:50  Probe  
  149  10:55  Zealot x2  
  153  10:59  Stalker  
  153  11:01  Probe  
  154  11:09  Stalker x4  
  152  11:11  Probe  
  152  11:13  Disruptor (Chrono Boost), Probe  
  152  11:16  Disruptor (Chrono Boost)  
  158  11:20  Probe  
  158  11:24  Probe  
  160  11:28  Probe  
  160  11:30  Pylon  
  160  11:31  Assimilator  
  159  11:36  Assimilator  
  159  11:37  Probe  
  159  11:43  Robotics Facility  
  159  11:44  Observer (Chrono Boost), Probe, Pylon  
  159  11:46  Observer (Chrono Boost)  
  162  11:53  Disruptor (Chrono Boost)  
  162  11:58  Dark Shrine  
  162  11:59  Stalker x5  
  162  12:00  Stalker  
  178  12:02  Shield Battery  
  178  12:04  Shield Battery  
  178  12:06  Disruptor (Chrono Boost)  
  182  12:19  Nexus  
  182  12:20  Pylon  
  180  12:23  Probe  
  180  12:24  Probe  
  180  12:25  Disruptor (Chrono Boost)  
  180  12:29  Zealot  
  188  12:32  Probe  
  188  12:33  Disruptor (Chrono Boost)  
  191  12:45  Disruptor  
  191  12:49  Forge  
  191  12:53  Pylon  
  191  12:54  Disruptor  
  191  12:56  Protoss Ground Armor Level 2 (Chrono Boost)  
  187  13:05  Photon Cannon  
  187  13:06  Photon Cannon  
  187  13:07  Disruptor  
  187  13:08  Zealot, Photon Cannon  
  187  13:10  Shield Battery  
  187  13:11  Shadow Stride (Chrono Boost)  
  187  13:12  Pylon  
  193  13:13  Dark Templar x3  
  193  13:19  Dark Templar  
  199  13:40  Disruptor  
  199  13:41  Stalker x2  
  199  13:48  Disruptor  
  187  13:56  Zealot  
  187  13:57  Zealot  
  191  14:07  Zealot x3  
  191  14:09  Protoss Ground Weapons Level 3 (Chrono Boost)  
  197  14:11  Stalker  
  193  14:28  Stalker x7  
  199  14:41  Probe  
  200  14:50  Pylon  
  200  14:52  Assimilator  
  199  14:54  Assimilator, Observer  
  199  14:56  Zealot  
  195  15:13  Zealot x2  
  199  15:19  Shield Battery  
  193  15:45  Zealot x7  
  173  16:01  Zealot x2  
  174  16:06  Stalker x6  
  160  16:20  Zealot  
  160  16:21  Zealot x2  
  162  16:29  Zealot x6  
  162  16:31  Probe  
  169  16:38  Robotics Facility  
  167  16:46  Stalker x3  
  153  16:51  Stalker x4  
  153  16:52  Stalker x2  
  153  16:57  Robotics Facility  
  153  17:01  Robotics Facility, Probe  
  145  17:03  Robotics Facility  
  144  17:11  Stalker x3  
  151  17:17  Void Ray (Chrono Boost)  
  151  17:19  Stalker x3  
  151  17:20  Stalker x3  
  153  17:39  Zealot x3  
  159  17:44  Zealot x2  
  159  17:45  Zealot x4  
  171  17:58  Colossus (Chrono Boost)  
  171  17:59  Colossus x2 (Chrono Boost)  
  171  18:00  Protoss Ground Armor Level 3  
  188  18:18  Dark Templar  
  185  18:22  Stalker x5  
  185  18:25  Nexus  
  193  18:34  Zealot x3  
  137  18:42  Disruptor (Chrono Boost), Colossus (Chrono Boost)  
  137  18:43  Immortal (Chrono Boost)  
  149  18:51  Zealot  
  149  18:54  Stalker x6  
  149  18:55  Stalker, Nexus  
  163  19:02  Zealot  
  146  19:16  Zealot  
  128  19:19  Zealot x5  
  116  19:35  Stalker x3  
  116  19:37  Disruptor x3 (Chrono Boost)  
  134  19:47  Stalker x6  
  146  19:56  Pylon  
  127  20:14  Stalker x6  
  127  20:15  Zealot x2  
  134  20:27  Observer  
  113  20:37  Nexus  
  121  20:56  Zealot x2  
  121  20:57  Zealot  
  106  21:30  Nexus  
  105  21:44  Nexus  
  101  21:55  Pylon  
Tags
 
Add a new tag
Caveats
  • Supply blocks, unpowered buildings, or Contaminate may cause inaccurate times.
  • Supply counts are checked every 10 seconds.